[Event "*** Titled Tuesday 3|2 Blitz"]
[Site "Chess.com"]
[Date "2015.07.07"]
[Round "1"]
[White "Cruel_Yaro"]
[Black "Haykos"]
[Result "1-0"]
[WhiteElo "2494"]
[BlackElo "2165"]
[TimeControl "180+2"]
[EndTime "11:09:25 PDT"]
[Termination "Cruel_Yaro won by resignation"]

1. e4 e5 2. Nf3 Nc6 3. Bb5 g6 4.
c3 Nge7 5. d4 exd4 6. cxd4 d5 7.
exd5 Nxd5 8. O-O Bg7 9. Re1+ Be6 10. Bg5 Qd6 11. Nbd2 O-O 12. Nc4 Qb4 13. a4 Rfe8 14. Bd2 Qf8 15. Nce5 Nde7 16. Ng5 Nxd4 17. Bxe8 Qxe8 18.
Nxe6 Nxe6 19. Bc3 Rd8 20. Qb3 Nc5 21. Qc4 b6 22. Ng4 Qf8 23. Bxg7 Kxg7 24. Qc3+ f6 25. Nxf6 Rd3 26. Qe5 Qxf6 27. Qxe7+ Qxe7 28. Rxe7+ Kf6 29. Rxc7 Nxa4 30. Rxa7 Nxb2 31. Rxh7 Nc4 32. h3 b5 33. Rb7 Nd6 34. Ra6 Ke5 35. Re7+ Kd5 36. Rb6 Kc5 37. Rb8 Kc6 38. Rg7 Rd1+ 39. Kh2 Rd2 40. f3 Rd4 41. Rxg6 b4 42. Rg4 Rxg4 43. fxg4 Nb7 44. g5 b3 45. g6 b2 46. g7 b1=Q 47. g8=Q Qb4 48. Qc8+ Kb6 1-0

[Event "*** Titled Tuesday 3|2 Blitz"]
[Site "Chess.com"]
[Date "2015.07.07"]
[Round "1"]
[White "alturas_pacificas"]
[Black "MasterLeif"]
[Result "1-0"]
[WhiteElo "2050"]
[BlackElo "2291"]
[TimeControl "180+2"]
[EndTime "11:09:42 PDT"]
[Termination "alturas_pacificas won by resignation"]

1. d4 d5 2. Bf4 Bg4 3. h3 Bh5 4.
Nf3 Nd7 5. e3 e6 6. c4 Ngf6 7.
Nc3 c6 8. Qb3 Qb6 9. c5 Qxb3 10.
axb3 Bxf3 11. gxf3 a6 12. b4 Rc8 13. Bd3 Be7 14. Bh2 O-O 15. Rg1 g6 16. Kd2 Bd8 17.
Bd6 Re8 18. Bf4 Bc7 19. Bxc7 Rxc7 20. f4 Kg7 21. Be2 Rcc8 22. Bf3 Ra8 23. h4 h5 24. Ne2 Kf8 25. Nc1 Ng8 26. Nd3 Ne7 27. e4 Rad8 28.
Kc3 Nf6 29. exd5 Nexd5+ 30. Kc4 Ne7 31. Rg5 Nf5 32. Rxf5 exf5 33. Ne5 Nd7 34. Re1 Nxe5+ 35. fxe5 Re7 36. Bg2 Red7 37. Rd1 f4 38. Bh3 Rd5 39. Rd3 Kg7 40. Bg2 R5d7 41. Bh3 Re7 42. Bg2 f6 43.
exf6+ Kxf6 44. d5 cxd5+ 45. Bxd5 Red7 46. Be4 Rxd3 47. Bxd3 g5 48. hxg5+ Kxg5 49. Be4 Rd7 50. b5 axb5+ 51. Kxb5 h4 52. Kb6 Rd2 53. b4 h3 54.
Bxb7 Rxf2 55. c6 Rc2 56. c7 Kg4 57. Bc6 Kg3 58. c8=Q h2 59. Qg8+ Kf2 60. Qg2+ Ke3 61.
Qxc2 f3 62. Bxf3 1-0

[Event "*** Titled Tuesday 3|2 Blitz"]
[Site "Chess.com"]
[Date "2015.07.07"]
[Round "1"]
[White "armago"]
[Black "Keaton87"]
[Result "0-1"]
[WhiteElo "2145"]
[BlackElo "2444"]
[TimeControl "180+2"]
[EndTime "11:09:50 PDT"]
[Termination "Keaton87 won by resignation"]

1. d4 Nf6 2. c4 g6 3. Nc3 Bg7 4. e4 O-O 5. Bd3 d6 6. Nge2 Nc6 7. O-O e5 8. d5 Nd4 9. Bg5 h6 10. Bd2 a5 11. Rb1 Nd7 12. Nxd4 exd4 13. Ne2 Nc5 14. Qc2 f5 15. f3 Be5 16. g3 fxe4 17. Bxe4 d3 18. Bxd3 Nxd3 19. Qxd3 Bf5 20.
Qe3 Bxb1 21. Rxb1 h5 22. Nd4 Bxd4 23. Qxd4 Rxf3 24. Bc3 Rxc3 25. Qxc3 Qg5 26. Rf1 Re8 27. Qf3 Qe3+ 28. Qxe3 Rxe3 29. Rf2 a4 30. Kf1 Re4 31.
b3 Re3 32. Re2 Rc3 33. Re7 Rc1+ 34. Kg2 Ra1 35. Rxc7 Rxa2+ 36. Kh3 axb3 37. Rxb7 Rc2 38. Rxb3 Rxc4 39. Rb6 Kf7 40. Rxd6 Rd4 41. Kg2 Rd2+ 42. Kh3 Rd4 43. Rd7+ Kf6 44. Rd6+ Kf5 45. Kg2 Rd2+ 46. Kh3 Rd4 47. Kg2 Rd2+ 48. Kg1 Kg5 49. h3 Kf5 50. Kf1 g5 51. Rd8 Ke4 52. d6 Kf3 53. Ke1 Rd5 54. h4 g4 55. d7 Kxg3 56. Ke2 Kxh4 57. Ke3 Kg3 58. Ke4 Rd1 59. Ke3 h4 60. Ke2 Rd6 61. Ke3 h3 62. Ke2 h2 0-1

[Event "*** Titled Tuesday 3|2 Blitz"]
[Site "Chess.com"]
[Date "2015.07.07"]
[Round "1"]
[White "Penguininja"]
[Black "Lupul_Cenusiu"]
[Result "0-1"]
[WhiteElo "2098"]
[BlackElo "2375"]
[TimeControl "180+2"]
[EndTime "11:09:54 PDT"]
[Termination "Lupul_Cenusiu won by resignation"]

1. d4 Nf6 2. Nf3 g6 3. c4 Bg7 4. Nc3 O-O 5. Bg5 d6 6. e3 c6 7. Be2 Nbd7 8. O-O h6 9. Bh4 Qc7 10. Qc2 e5 11. Rfd1 Re8 12. Rac1 Nh7 13. Bg3 Nhf8 14. b4 a5 15. a3 axb4 16. axb4 Qb6 17.
Rb1 Ra3 18. c5 dxc5 19. dxc5 Qa7 20. Bc4 Re7 21. Ne4 Nf6 22. Nd6 Bg4 23. Rd2 Bxf3 24. gxf3 Qa4 25. Qb2 Nh5 26. Ne4 Nxg3 27. hxg3 Kh7 28.
Rbd1 f5 29. Nc3 Qa7 30. e4 f4 31. gxf4 exf4 32. Rd3 h5 33. Qc2 Qb8 34. Ne2 Qe5 35. Rxa3 Qg5+ 36. Kf1 Kh6 37. Qd2 Be5 38. Ra8 Nh7 39.
Ng1 Qf6 40. Qd8 Ng5 41. Rd7 Rxd7 42. Qxd7 h4 43. Nh3 Nxf3 44. Qd8 g5 45. Qxf6+ Bxf6 46. Be2 Nd2+ 47. Ke1 Nxe4 48. Rb8 Bc3+ 49. Kf1 Bxb4 50.
Rxb7 Bxc5 51. Rc7 Nd2+ 52. Kg2 f3+ 53. Bxf3 Nxf3 54. Kxf3 Kh5 55. Kg2 g4 56. Nf4+ Kg5 57. Nd3 h3+ 58. Kg1 Bd4 59. Rxc6 g3 60. Rd6 gxf2+ 61.
Nxf2 h2+ 62. Kxh2 Be5+ 0-1

[Event "*** Titled Tuesday 3|2 Blitz"]
[Site "Chess.com"]
[Date "2015.07.07"]
[Round "1"]
[White "1random"]
[Black "IMRosen"]
[Result "0-1"]
[WhiteElo "1993"]
[BlackElo "2276"]
[TimeControl "180+2"]
[EndTime "11:09:55 PDT"]
[Termination "IMRosen won by resignation"]

1. e4 c5 2. Nf3 e6 3. d4 cxd4 4.
Nxd4 Nc6 5. Nc3 Qc7 6. Be3 a6 7.
Qd2 Nf6 8. f3 Ne5 9. Bf4 d6 10.
O-O-O Be7 11. Kb1 b5 12. Nb3 Bb7 13. g4 Rc8 14. g5 Nfd7 15. Qf2 b4 16. Na4 Bc6 17. Bxe5 dxe5 18. Nac5 a5 19. Nxd7 Bxd7 20. h4 a4 21. Nc1 Bc5 22. Qd2 Bd4 23. Bd3 Rb8 24.
Ne2 Bc5 25. b3 Bc6 26. Bc4 Ra8 27. bxa4 Bxa4 28. Nc1 Bd4 29. Bb3 Bb5 30. Ne2 Bxe2 31. Qxe2 Qc3 32. Qb5+ Kf8 33. Kc1 Rd8 34. Rd3 Qa1+ 35.
Kd2 Qxh1 36. Qxb4+ Kg8 37. c3 Qg2+ 38. Kd1 Qf1+ 39.
Kc2 Qf2+ 40. Rd2 Qxf3 41. cxd4 Qxe4+ 42. Kb2 exd4 43. Qb6 Qa8 44. Rxd4 Rxd4 45. Qxd4 Qe8 46. Qe5 Qa8 47. h5 Qg2+ 48. Ka3 Qa8+ 49. Kb2 Qe8 50.
h6 Qf8 51. Bxe6 gxh6 52. gxh6 Qxh6 53. Qb8+ Kg7 54. Qe5+ Qf6 55. Qxf6+ Kxf6 56. Bc4 h5 57. Kc3 h4 0-1

[Event "*** Titled Tuesday 3|2 Blitz"]
[Site "Chess.com"]
[Date "2015.07.07"]
[Round "1"]
[White "HansCoolNiemann"]
[Black "matein28"]
[Result "1-0"]
[WhiteElo "1939"]
[BlackElo "2155"]
[TimeControl "180+2"]
[EndTime "11:10:19 PDT"]
[Termination "HansCoolNiemann won by resignation"]

1. d4 d5 2. c4 c6 3. Nf3 Nf6 4.
Qc2 g6 5. Bf4 Bg7 6. e3 O-O 7.
Nc3 Ne4 8. Bxb8 Rxb8 9. Nxe4 dxe4 10. Qxe4 Bf5 11. Qh4 Qa5+ 12. Nd2 Qb4 13. e4 Qxb2 14.
Rb1 Qxd4 15. Be2 Bf6 16. Qf4 Rfd8 17. Rd1 Be5 18. Qf3 Be6 19. O-O Qc3 20. Qxc3 Bxc3 21.
Nb3 b6 22. f4 f6 23. Kh1 c5 24.
g4 Bf7 25. h4 e5 26. f5 Kg7 27. g5 gxf5 28. exf5 Rxd1 29. Rxd1 Rb7 30. Rd8 a5 31. Bd3 a4 32. Nc1 Re7 33. Ne2 Bd4 34. Ng3 e4 35. Nxe4 Be5 36. gxf6+ Bxf6 37. Nxf6 Kxf6 38. Rd6+ Ke5 39.
Rxb6 Kd4 40. Rd6+ Kc3 41. f6 Rc7 42. Kg2 Bxc4 43. Bf5 Bxa2 44. h5 h6 45. Bg6 Bb3 46. Ra6 c4 47. f7 Rc8 48. Re6 Rf8 49. Re8 Rxf7 50. Bxf7 a3 51. Ra8 a2 52. Kf3 Kb2 53.
Ke4 c3 54. Bxb3 Kxb3 55. Kd3 c2 56. Rb8+ Ka3 57. Kxc2 a1=Q 58. Ra8+ 1-0

[Event "*** Titled Tuesday 3|2 Blitz"]
[Site "Chess.com"]
[Date "2015.07.07"]
[Round "1"]
[White "Cryptochess"]
[Black "darkknight123456"]
[Result "1-0"]
[WhiteElo "2368"]
[BlackElo "2090"]
[TimeControl "180+2"]
[EndTime "11:10:20 PDT"]
[Termination "Cryptochess won by resignation"]

1. e4 c5 2. Nc3 g6 3. g3 Bg7 4. Bg2 Nc6 5. d3 e6 6. Be3 b6 7. Qd2 h5 8. h4 Nge7 9. Nf3 d5 10. exd5 exd5 11. d4 cxd4 12. Nxd4 Ne5 13. b3 O-O 14.
O-O Ba6 15. Rfe1 Rc8 16. Rad1 Qd7 17. Nce2 Ng4 18. Nf4 Kh7 19. c3 Rfe8 20. Nh3 Bb7 21. Ng5+ Kg8 22. Bf4 Nf5 23. Nxf5 Qxf5 24. c4 Rxe1+ 25.
Rxe1 Rd8 26. cxd5 Bxd5 27. Bxd5 Rxd5 28. Re8+ Bf8 29. Qb4 Rd1+ 30. Kg2 Qc5 31. Qxc5 bxc5 32. Ne4 Kg7 33. f3 f5 34. Ng5 Nf6 35. Be5 Rd2+ 36. Kf1 c4 37. Bxf6+ Kxf6 38. Rxf8+ Ke7 39. Rf7+ Kd6 40. bxc4 Rxa2 41. Rf6+ Kc5 42. Rxg6 Kd4 43. Re6 a5 44. Re2 Ra1+ 45. Kf2 a4 46. Ne6+ Kxc4 47. Ng7 f4 48. gxf4 a3 49. Nf5 a2 50.
Ne3+ Kb3 51. Nc2 Rc1 52. Nd4+ Ka3 53. Rxa2+ Kxa2 54. f5 Rc4 55. Ke3 Kb2 56. f6 Rc7 57. Ke4 Kc3 58. Nf5 Kc4 59. f7 Rc8 60. Nd6+ Kc5 61. Nxc8 Kc6 62. f8=Q Kc7 63. Qe7+ Kxc8 64. f4 Kb8 65. f5 Kc8 66. f6 Kb8 67. f7 1-0

[Event "*** Titled Tuesday 3|2 Blitz"]
[Site "Chess.com"]
[Date "2015.07.07"]
[Round "1"]
[White "lexiel"]
[Black "penguingm1"]
[Result "1-0"]
[WhiteElo "2189"]
[BlackElo "2520"]
[TimeControl "180+2"]
[EndTime "11:10:39 PDT"]
[Termination "lexiel won by resignation"]

1. d4 d5 2. Nc3 e6 3. Bf4 Nf6 4. e3 Bb4 5. Bd3 c5 6. dxc5 Qa5 7. Ne2 Nbd7 8. O-O e5 9. Bg5 e4 10. Bb5 O-O 11. Bxd7 Nxd7 12. Qxd5 Nxc5 13. a3 Bxc3 14. Nxc3 Be6 15. Qd4 Qc7 16. Bf4 Qc6 17. Rfd1 h6 18. h3 Rac8 19. Rd2 Qa6 20. Rad1 Nd7 21. Nxe4 Rc4 22. Qd3 Bf5 23. Nf6+ Nxf6 24. Qxf5 Qc6 25. c3 Rc5 26. Qc2 Nd5 27. Bg3 Re8 28. e4 Nf6 29. f3 Rg5 30. Bh4 Qc5+ 31. Kh1 Nh5 32. Bxg5 Qxg5 33. Rd5 Ng3+ 34. Kg1 Qf4 35. Rd8 Rxd8 36.
Rxd8+ Kh7 37. Qd2 Qe5 38. Rd5 Qc7 39. Qf2 Qf4 40. Qd2 Qc7 41. e5 Qb6+ 42. Rd4 h5 43. h4 Qg6 44. Qd3 Nf5 45. Rf4 Qb6+ 46. Kh2 g6 47. Rxf5 gxf5 48. Qxf5+ Kg8 49. Qg5+ Kf8 50.
b4 Qc7 51. Qh6+ Kg8 52. Qe3 Kf8 53. f4 Qd8 54. Qg3 Qd7 55. Qg5 Qd3 56. f5 Qxc3 57.
f6 Qc4 58. Qxh5 Ke8 59. Qg5 Kd7 60. h5 Qe4 61. h6 Ke6 62. Kh3 Qd3+ 63. Qg3 Qh7 64.
Qf4 Qd3+ 65. Kh4 Qb1 66. g4 Qe1+ 67. Kg5 Qh1 68. Qf5+ Kd5 69. e6+ Kd6 70. exf7 1-0

[Event "*** Titled Tuesday 3|2 Blitz"]
[Site "Chess.com"]
[Date "2015.07.07"]
[Round "1"]
[White "VSERGUEI"]
[Black "wanyaland"]
[Result "1-0"]
[WhiteElo "2538"]
[BlackElo "2170"]
[TimeControl "180+2"]
[EndTime "11:10:43 PDT"]
[Termination "VSERGUEI won by resignation"]

1. d4 d5 2. c4 c6 3. Nf3 Nf6 4. e3 e6 5. b3 Nbd7 6. Bb2 Bd6 7. Bd3 Qc7 8. O-O e5 9. dxe5 Nxe5 10. Nxe5 Bxe5 11.
Bxe5 Qxe5 12. Nd2 O-O 13. Nf3 Qe7 14. cxd5 Nxd5 15. h3 b6 16. Rc1 Bb7 17. Qe2 Rfe8 18.
Rfe1 Rad8 19. Bb1 c5 20. Qc2 Nf6 21. Nd2 Rd7 22. Nc4 Red8 23. Rcd1 g6 24. a4 Nd5 25. Qc1 Nb4 26. Rxd7 Rxd7 27. Rd1 Qg5 28. e4 Qxc1 29. Rxc1 Rd4 30. e5 Bd5 31. g3 Kf8 32. f4 Ke7 33.
Kf2 f6 34. exf6+ Kxf6 35. Ke3 h6 36. h4 Nc6 37. Bd3 Nb4 38. Be2 Re4+ 39. Kf2 Rd4 40. Rd1 Rxd1 41. Bxd1 Nc6 42. Ne3 Be6 43. g4 Nd4 44.
g5+ hxg5 45. hxg5+ Kg7 46. Nc4 Kf7 47. Ke3 Ke7 48.
Ke4 Bxc4 49. bxc4 Kd6 50. Bg4 a6 51. f5 gxf5+ 52. Bxf5 b5 53. cxb5 axb5 54. a5 Nc6 55. a6 b4 56. g6 Ke7 57. Kd5 Na7 58. Kxc5 b3 59. Kb6 Kf6 60. Bb1 Nc8+ 61. Kb7 Nd6+ 62. Kb8 Nb5 63. a7 Nc3 64. Bd3 b2 65. a8=Q 1-0

[Event "*** Titled Tuesday 3|2 Blitz"]
[Site "Chess.com"]
[Date "2015.07.07"]
[Round "1"]
[White "ChessWarrior7197"]
[Black "gumersindo"]
[Result "1-0"]
[WhiteElo "2305"]
[BlackElo "2025"]
[TimeControl "180+2"]
[EndTime "11:10:59 PDT"]
[Termination "ChessWarrior7197 won by resignation"]

1. e4 e6 2. d4 d5 3. Nd2 dxe4 4. Nxe4 Nd7 5. Nf3 Ngf6 6. Nxf6+ Nxf6 7. Be2 c5 8. O-O Be7 9. b3 O-O 10. Bb2 b6 11. c4 Bb7 12. Qc2 Qc7 13. Rad1 Rad8 14. h3 Be4 15. Qc3 cxd4 16. Nxd4 a6 17. Bf3 Bxf3 18. Qxf3 Rc8 19. g4 Nd7 20. Rfe1 Bf6 21. Ba1 Ne5 22. Qg3 Ng6 23. Qxc7 Rxc7 24. Rd2 Rd8 25.
Red1 Rcd7 26. Bc3 Nh4 27. Kf1 Ng6 28. Ne2 Rxd2 29. Rxd2 Rxd2 30. Bxd2 Kf8 31. a4 Ke8 32. Be3 Bd8 33. f4 Kd7 34. Ke1 Bc7 35. Kd2 Ne7 36. b4 Nc6 37. Kc3 a5 38. b5 Ne7 39. Kd2 Kc8 40.
Kd3 Kb7 41. Nc3 f5 42. Ne2 g6 43. Nd4 fxg4 44. hxg4 e5 45. fxe5 Bxe5 46. Nf3 Bd6 47. Bh6 Ng8 48. Be3 h5 49. gxh5 gxh5 50. Ke4 Nf6+ 51.
Kf5 Ng4 52. Bd4 Be7 53. Kg6 Bd8 54.
Kxh5 Nf6+ 55. Bxf6 Bxf6 56. Kg6 Bc3 57. Kf5 Kc7 58.
Ke6 Bb2 59. Ng5 Bc3 60. Ne4 Bd4 61. Kd5 Bg1 62. c5 bxc5 63. Nxc5 Bf2 64. Ne6+ Kb6 65. Nd4 Be1 66. Nf5 Bf2 67. Nd6 Be1 68. Nc4+ Kb7 69. Kd6 Bb4+ 70. Kd5 Bc3 71. b6 Bb4 72. Kd4 Be1 73.
Kc5 Bf2+ 74. Kb5 Bxb6 75. Nxb6 1-0

[Event "*** Titled Tuesday 3|2 Blitz"]
[Site "Chess.com"]
[Date "2015.07.07"]
[Round "1"]
[White "GMHess"]
[Black "patzerplay"]
[Result "1/2-1/2"]
[WhiteElo "2552"]
[BlackElo "2193"]
[TimeControl "180+2"]
[EndTime "11:12:23 PDT"]
[Termination "Game drawn by agreement"]

1. b3 d6 2. Bb2 c6 3. Nf3 Qc7 4. d4 Nf6 5. Nbd2 Nbd7 6. e4 e5 7. Bc4 Be7 8. O-O O-O 9. a4 b6 10. Re1 Bb7 11. Nf1 Rfe8 12. Ng3 Bf8 13. Qd3 h6 14.
Rad1 Rad8 15. Ba6 Ba8 16. Nf5 exd4 17. Qxd4 Ne5 18. Qc3 c5 19. Nxe5 dxe5 20. f3 Rxd1 21. Rxd1 Rd8 22. Rd3 Rxd3 23. Bxd3 Nd7 24. Bc4 g6 25.
Ne3 Qd6 26. Qe1 Nb8 27. Bb5 Bg7 28. Nc4 Qc7 29. Qd2 a6 30. Be8 Qe7 31. Nd6 Bf8 32.
Bxf7+ Kh7 33. Nc8 Qxf7 34. Nxb6 Bc6 35. Nc4 Nd7 36. Nxe5 Nxe5 37. Bxe5 Qe6 38. Qf4 Bg7 39. Bxg7 Kxg7 40. Qc7+ Qd7 41. Qe5+ Kh7 42. h4 c4 43. Kh2 cxb3 44. cxb3 Qf7 45. Qd6 Qb7 46. e5 Qd7 47. Qc5 Bd5 48. b4 Bc6 49. b5 axb5 50. axb5 Bxb5 51.
e6 Qe8 52. Qe5 Bd7 53. e7 Kg8 54. Kg3 Kf7 55. Qf4+ Kg7 56. Qe5+ Kf7 57. Qf4+ Kg7 58. Qe3 Bf5 59. h5 gxh5 60. Qe5+ Kg6 61. Kh4 Bd7 62. Qxh5+ Kg7 63. Qe5+ Kf7 64. Qf4+ Kg7 65. Qe3 Kf7 66.
Qxh6 Qxe7+ 67. Kg3 Qe1+ 68. Kh2 Qd1 69. Qf4+ Kg6 70.
Qg3+ Kf7 71. Qf4+ Kg6 72. Qe5 Qd3 73. Kg3 Qf5 74. Qd6+ Qe6 75. Qd3+ Qf5 76. Qd4 Qg5+ 77. Kf2 Qf5 78. g4 Qc2+ 79. Kg3 Qa4 80. Qd6+ Kf7 81.
g5 Qc6 82. Qe5 Kg6 83. Kh4 Qe6 84. Qxe6+ Bxe6 85. f4 Bf5 86. Kg3 Be6 87. Kf3 Bf5 88. Ke3 Bg4 89. Ke4 Bf5+ 90. Ke5 Bg4 1/2-1/2

[Event "*** Titled Tuesday 3|2 Blitz"]
[Site "Chess.com"]
[Date "2015.07.07"]
[Round "2"]
[White "Dlugy"]
[Black "ChessWarrior7197"]
[Result "1-0"]
[WhiteElo "2545"]
[BlackElo "2302"]
[TimeControl "180+2"]
[EndTime "11:16:30 PDT"]
[Termination "Dlugy won by resignation"]

1. d4 Nf6 2. c4 e6 3. Nf3 d5 4. g3 Be7 5. Bg2 O-O 6. O-O dxc4 7. Qc2 a6 8. Qxc4 b5 9. Qc2 Bb7 10. Bd2 Be4 11. Qc1 Bb7 12. Rd1 Nbd7 13. Ba5 Rc8 14.
Nbd2 Nb6 15. b4 Bd6 16. Qc2 Qe7 17. a3 Nfd7 18. Ng5 Qxg5 19. Bxb7 Rcd8 20. Bxa6 Nf6 21.
Bb7 h5 22. Bg2 Nbd5 23. e4 Nf4 24. Nf3 Qg4 25. gxf4 Bxf4 26. e5 Nd5 27. h3 Ne3 1-0

[Event "*** Titled Tuesday 3|2 Blitz"]
[Site "Chess.com"]
[Date "2015.07.07"]
[Round "2"]
[White "Bab3s"]
[Black "lukas_111111"]
[Result "0-1"]
[WhiteElo "2180"]
[BlackElo "2177"]
[TimeControl "180+2"]
[EndTime "11:18:17 PDT"]
[Termination "lukas_111111 won by checkmate"]

1. e4 c6 2. d4 d5 3. exd5 cxd5 4. c4 Nf6 5. Nc3 Nc6 6. Bg5 Ne4 7. Nxe4 dxe4 8. d5 Ne5 9. Qd4 f6 10. Qxe4 Qb6 11. b3 e6 12. Bd2 Bc5 13. Qe2 O-O 14. Nf3 exd5 15. cxd5 Re8 16. O-O-O Bf5 17. Nxe5 Ba3# 0-1

[Event "*** Titled Tuesday 3|2 Blitz"]
[Site "Chess.com"]
[Date "2015.07.07"]
[Round "2"]
[White "KyronGriffith"]
[Black "Keranke"]
[Result "0-1"]
[WhiteElo "2248"]
[BlackElo "2540"]
[TimeControl "180+2"]
[EndTime "11:18:30 PDT"]
[Termination "Keranke won by resignation"]

1. e4 g6 2. d4 Bg7 3. Nf3 d6 4. Bd3 Nf6 5. c3 O-O 6. O-O Nc6 7. Nbd2 e5 8. d5 Ne7 9. Re1 h6 10. c4 Nh5 11. g3 Qe8 12. Bf1 f5 13. Bg2 f4 14. b4 g5 15. Nb3 g4 16. Nfd2 Qf7 17. c5 Ng6 18. Nc4 fxg3 19. fxg3 Qf2+ 20. Kh1 Nxg3+ 21. hxg3 Qxg3 22. Rf1 Nf4 23. Ne3 Qh4+ 24. Kg1 g3 25. Rf3 Qh2+ 26. Kf1 Bh3 0-1

[Event "*** Titled Tuesday 3|2 Blitz"]
[Site "Chess.com"]
[Date "2015.07.07"]
[Round "2"]
[White "jcibarra"]
[Black "Ginger_GM"]
[Result "1-0"]
[WhiteElo "2574"]
[BlackElo "2405"]
[TimeControl "180+2"]
[EndTime "11:18:49 PDT"]
[Termination "jcibarra won by resignation"]

1. e4 e6 2. d4 d5 3. Nc3 Bb4 4. e5 Ne7 5. Qg4 c5 6. dxc5 Nbc6 7. Bd2 O-O 8. O-O-O Bxc5 9. Nf3 Ng6 10. Qh5 f5 11. exf6 Qxf6 12. Nxd5 exd5 13. Qxd5+ Be6 14. Qxc5 Rac8 15.
Qc3 Nce5 16. Qa3 Bf5 17. Bc3 Qc6 18. Nxe5 Nxe5 19. Qd6 Qxd6 20. Rxd6 Ng4 21. f3 Ne3 22.
Bd3 Bxd3 23. Rxd3 Rce8 24. g3 Rxf3 25. Re1 Kf7 26. Bd2 1-0

[Event "*** Titled Tuesday 3|2 Blitz"]
[Site "Chess.com"]
[Date "2015.07.07"]
[Round "2"]
[White "WanderingPuppet"]
[Black "jup1978"]
[Result "0-1"]
[WhiteElo "2201"]
[BlackElo "2163"]
[TimeControl "180+2"]
[EndTime "11:18:55 PDT"]
[Termination "jup1978 won by resignation"]

1. e4 e5 2. Nf3 Nc6 3. Bb5 a6 4. Ba4 Nge7 5. O-O g6 6. d4 exd4 7. c3 Bg7 8. cxd4 b5 9. Bb3 O-O 10. Nc3 d6 11. h3 Na5 12. Bc2 Bb7 13. Re1 h6 14. Bf4 Rc8 15. d5 g5 16. Be3 Nc4 17.
Bd4 Nxb2 18. Qc1 Nc4 19. Bxg7 Kxg7 20. Bb3 Na5 21. Qd2 Ng6 22. Ne2 Nxb3 23. axb3 Qf6 24. Ned4 Nf4 25. Nf5+ Kh8 26. g3 Nxd5 27. exd5 Qxf5 28.
Re3 Qxd5 29. Qxd5 Bxd5 30. Rxa6 Bxf3 31. Rxf3 Kg7 32. g4 Rfd8 33. Rd3 c5 34. Raxd6 Rxd6 35. Rxd6 c4 36. bxc4 bxc4 37. Rd2 c3 38. Rc2 Kf6 39.
Kf1 Ke5 40. Ke2 Kf4 41. Kd1 Kf3 42. Kc1 Kg2 43. f4+ Kxh3 44. fxg5 hxg5 45. Rf2 Rc7 0-1

[Event "*** Titled Tuesday 3|2 Blitz"]
[Site "Chess.com"]
[Date "2015.07.07"]
[Round "2"]
[White "ashookk"]
[Black "Hafez_Bakr"]
[Result "1-0"]
[WhiteElo "1955"]
[BlackElo "1728"]
[TimeControl "180+2"]
[EndTime "11:18:59 PDT"]
[Termination "ashookk won by resignation"]

1. Nf3 c5 2. c4 d6 3. Nc3 Nc6 4. d4 Nf6 5. d5 Ne5 6. Nxe5 dxe5 7. e4 g6 8. Be2 Bg7 9. Be3 b6 10. Qd2 O-O 11. h4 h5 12. f3 Qd7 13. Rg1 Kh7 14.
g4 Rg8 15. O-O-O a6 16. Kb1 Rb8 17. f4 Nxg4 18. Bxg4 hxg4 19. h5 gxh5 20. f5 Rh8 21.
Qf2 f6 22. Rh1 Kg8 23. Rh4 Kf7 24. Rdh1 Qd6 25. Rxh5 Rxh5 26. Rxh5 Bd7 27. Qh4 g3 28. Rh7 Rg8 29. Qxg3 Kf8 30. Rxg7 Rxg7 31. Bh6 Ke8 32. Qxg7 Kd8 33. Qf8+ Kc7 34. Qa8 Bc8 35. Qa7+ Bb7 36. a4 a5 37. Nb5+ Kc8 38. Nxd6+ exd6 39. Qxb6 1-0

[Event "*** Titled Tuesday 3|2 Blitz"]
[Site "Chess.com"]
[Date "2015.07.07"]
[Round "2"]
[White "Viaje"]
[Black "BjarkeSahl"]
[Result "1-0"]
[WhiteElo "2259"]
[BlackElo "2101"]
[TimeControl "180+2"]
[EndTime "11:19:03 PDT"]
[Termination "Viaje won by resignation"]

1. d4 f5 2. Qd3 d5 3. c4 e6 4. Nf3 Nf6 5. Nc3 Be7 6. Bf4 O-O 7. e3 c6 8. Qc2 Nbd7 9. h3 Ne4 10. Bd3 Ndf6 11.
Bh2 Bd7 12. O-O Be8 13. Ne5 Nd7 14. f3 Nxe5 15. Bxe5 Nd6 16. c5 Nf7 17. Bh2 Bf6 18. Ne2 Ng5 19. f4 Ne4 20. Bxe4 dxe4 21. Nc3 Rf7 22.
Rab1 Rd7 23. b4 a6 24. a4 Rc8 25. Kh1 Rdc7 26. Rfc1 Kh8 27. Qb3 Bf7 28. Qa3 Be8 29. b5 cxb5 30. axb5 axb5 31. Nxb5 Bxb5 32. Rxb5 h6 33.
Rcb1 Qd5 34. Bg3 Rg8 35. Qb3 Qxb3 36. R5xb3 Rb8 37. Be1 Kg8 38. Ba5 Rf7 39. Kg1 g5 40. c6 gxf4 41. c7 Rc8 42. Rxb7 fxe3 43. Rb8 Rff8 44. Rxc8 Rxc8 45. Rb8 1-0

[Event "*** Titled Tuesday 3|2 Blitz"]
[Site "Chess.com"]
[Date "2015.07.07"]
[Round "2"]
[White "stefanodinn"]
[Black "GMHess"]
[Result "0-1"]
[WhiteElo "2135"]
[BlackElo "2553"]
[TimeControl "180+2"]
[EndTime "11:19:10 PDT"]
[Termination "GMHess won by resignation"]

1. e4 g6 2. d4 Bg7 3. Nc3 d6 4. g3 Nf6 5. Bg2 h5 6. h3 Nc6 7. Nge2 e5 8. Be3 Bd7 9. Qd2 Qe7 10.
O-O-O O-O 11. f4 exd4 12. Nxd4 Rae8 13. Rhe1 Qd8 14. Kb1 Qc8 15. Rh1 Na5 16. b3 Nc6 17. Rdf1 Nxd4 18. Bxd4 c5 19. Be3 Bc6 20. Qxd6 Nxe4 21.
Nxe4 Bxe4 22. Bxe4 Rxe4 23. Qxc5 Qe6 24. f5 Qf6 25. c3 b6 26. Bd4 bxc5 27. Bxf6 Bxf6 28. fxg6 fxg6 0-1

[Event "*** Titled Tuesday 3|2 Blitz"]
[Site "Chess.com"]
[Date "2015.07.07"]
[Round "2"]
[White "Imre91"]
[Black "Lupul_Cenusiu"]
[Result "1-0"]
[WhiteElo "2609"]
[BlackElo "2372"]
[TimeControl "180+2"]
[EndTime "11:19:16 PDT"]
[Termination "Imre91 won by resignation"]

1. c4 Nf6 2. g3 c6 3. Nf3 d6 4.
Bg2 a6 5. O-O g6 6. b3 Bg7 7.
Bb2 O-O 8. Qc2 Nbd7 9. d3 Rb8 10. Nbd2 c5 11. d4 b6 12. e3 b5 13. Rfd1 Bb7 14. Rac1 Qb6 15. a4 bxa4 16. dxc5 Nxc5 17. Bxf6 Bxf6 18. bxa4 Qa5 19. Nd4 Qxa4 20. Qxa4 Nxa4 21. Ne4 Bxe4 22. Bxe4 Nc5 23. Bd5 Rb2 24. h4 h5 25. Nc6 Kg7 26. Rb1 Re8 27. Rxb2 Na4 28. Rc2 Rc8 29. Nd4 e6 30. Bg2 Nc5 31. Rb1 a5 32. Ra2 a4 33. Nc6 Rc7 34. Rb5 Bc3 35.
Rxc5 dxc5 36. Rxa4 Rd7 37. Bf3 Be1 38. Kf1 Bc3 39.
Ra3 Bd2 40. Ke2 Rd6 41. Rd3 1-0

[Event "*** Titled Tuesday 3|2 Blitz"]
[Site "Chess.com"]
[Date "2015.07.07"]
[Round "2"]
[White "amaidel"]
[Black "nijat_a"]
[Result "0-1"]
[WhiteElo "2343"]
[BlackElo "2615"]
[TimeControl "180+2"]
[EndTime "11:19:34 PDT"]
[Termination "nijat_a won by resignation"]

1. e4 Nf6 2. Nc3 d5 3. exd5 Nxd5 4. Nf3 Nc6 5. g3 Bg4 6. Bg2 Nxc3 7. bxc3 Qd7 8. h3 Bh5 9. Rb1 Rb8 10. O-O e6 11.
Rb5 Bxf3 12. Bxf3 Bd6 13. Qe2 O-O 14. d4 a6 15. Rh5 g6 16. Rh4 Ne7 17. Be4 Nf5 18.
Bxf5 exf5 19. d5 Rfe8 20. Qd2 Be7 21. Rd4 Rbd8 22. c4 Bf6 23. Rd3 Re4 24. c5 Qb5 25. Ba3 Qc4 26. d6 cxd6 27. cxd6 Rd7 28. Rb1 Qxa2 29. Rdb3 b5 30. Qd5 Qxc2 31. Qa8+ Kg7 32.
Qxa6 Bd4 33. R3b2 Bxb2 34. Bxb2+ f6 35. Rc1 Qxb2 36. Rc7 Rxc7 37. dxc7 Qc1+ 0-1

[Event "*** Titled Tuesday 3|2 Blitz"]
[Site "Chess.com"]
[Date "2015.07.07"]
[Round "2"]
[White "GeorgMeier"]
[Black "AndreyOstrovskiy"]
[Result "1-0"]
[WhiteElo "2729"]
[BlackElo "2344"]
[TimeControl "180+2"]
[EndTime "11:19:40 PDT"]
[Termination "GeorgMeier won by resignation"]

1. Nf3 Nf6 2. g3 d5 3. Bg2 e6 4. O-O Be7 5. d4 b6 6. c4 c6 7. Nc3 Ba6 8. Ne5 O-O 9. e4 dxc4 10. Be3 Nfd7 11. Nf3 b5 12. Qc2 Nb6 13. Rad1 N8d7 14. h4 Rc8 15. Rfe1 h6 16. Qc1 b4 17. Ne2 Nf6 18. Ne5 Nfd7 19. Ng4 h5 20. Nh2 Nf6 21. Nf4 Na4 22. Qc2 Qa5 23. Nf3 c3 24. Ng5 Ng4 25. e5 Bxg5 26. hxg5 Nxb2 27. Ra1 Rfd8 28. g6 Qc7 29. Be4 f5 30. Nxe6 Qe7 31. Bxf5 Nxe3 32. Rxe3 Nc4 33. Rf3 Rd5 34. Bh3 Nd2 35. Rf7 Qe8 36.
Rxg7+ Kh8 37. Rh7+ Kg8 38. Qf5 Be2 39. Qf6 1-0

[Event "*** Titled Tuesday 3|2 Blitz"]
[Site "Chess.com"]
[Date "2015.07.07"]
[Round "2"]
[White "Tirantes"]
[Black "alturas_pacificas"]
[Result "1-0"]
[WhiteElo "2250"]
[BlackElo "2046"]
[TimeControl "180+2"]
[EndTime "11:20:23 PDT"]
[Termination "Tirantes won by checkmate"]

1. c4 c6 2. Nf3 d5 3. g3 Nf6 4. Bg2 Bf5 5. b3 e6 6. Bb2 h6 7. O-O Be7 8. d3 O-O 9. Nbd2 a5 10. Re1 Bh7 11. e4 dxe4 12. Nxe4 Na6 13. Qe2 Nb4 14. Rad1 Na6 15. Ne5 Nc5 16. Nxc5 Bxc5 17. d4 Be7 18. h4 Qc7 19. g4 Nd7 20. Nxd7 Qxd7 21. d5 cxd5 22.
cxd5 Bxh4 23. dxe6 Qxe6 24. Bxb7 Rab8 25. Bd5 Qxe2 26.
Rxe2 Bg6 27. Kg2 h5 28. Rh1 Rbd8 29. Bc4 Bf6 30. gxh5 Bxb2 31. hxg6 Bf6 32. Re3 Rfe8 33. gxf7+ Kf8 34. Rh8# 1-0